 Dungeon Sprint DCSS version 0.28-a0-1235-g7c8fac35f0 (webtiles) character file.

Game seed: 12035238793078867932

109186635 mhtbhm the Swordmaster (level 21, 195/224 HPs)
             Began as a Minotaur Fighter on Dec 24, 2021.
             Was an Initiate of Gozag.
             Escaped with the Orb
             ... and 17 runes!
             The game lasted 00:33:06 (16711 turns).

mhtbhm the Swordmaster (Minotaur Fighter)          Turns: 16711, Time: 00:33:06

Health: 195/224    AC: 34    Str: 35    XL:     21   Next: 32%
Magic:  50/50      EV: 29    Int: 10    God:    Gozag
Gold:   34576      SH: 25    Dex: 19    Spells: 73/73 levels left

rFire   + + +      SeeInvis .   a - +8 demon blade "Leech" {vamp, Harm Drain rN+}
rCold   + . .      Faith    .   O - +6 kite shield of the Iron City of Dis {Str+6}
rNeg    + + .      Spirit   +   b - +3 plate armour {rF+}
rPois   .          Reflect  .   v - +0 hat {Stlth+}
rElec   +          Harm     +   n - +1 cloak
rCorr   .          Rampage  .   F - +1 pair of gloves
Will    +++..      Rage     1%  N - +1 pair of boots of the Past {Will+ Dex+2}
Stlth   ++........ NoTele   +   W - amulet "Loukad" {Spirit rF+ Int+5}
HPRegen 0.47/turn               X - ring "Ruat" {rN+ EV+3 Dex+4}
MPRegen 0.32/turn               q - ring of Honesty {Fly rElec rF+ rC+}

@: flying
A: horns 2, retaliatory headbutt, berserk 1, strong-willed 1
0: Orb of Zot
}: 17/17 runes: decaying, serpentine, barnacled, slimy, elven, silver, golden,
iron, obsidian, icy, bone, abyssal, glowing, magical, fiery, dark, gossamer
a: Renounce Religion, Potion Petition, Call Merchant, Bribe Branch


You escaped.
You worshipped Gozag.
Gozag was extremely pleased with you.
You visited 1 branch You collected 58816 gold pieces.
You spent 6245 gold pieces at shops.
You paid 17995 gold pieces to Gozag.

Inventory:

Hand Weapons
 a - the +8 demon blade "Leech" (weapon) {vamp, Harm Drain rN+}
   (You found it in the Dungeon)

   It heals its wielder for a portion of the damage dealt every time it strikes
   a living foe.
   rN:        It protects you from negative energy.
   Drain:     It drains your maximum health when unequipped.
   Harm:      It increases damage dealt and taken.
 K - a +9 morningstar of holy wrath
Missiles
 p - 5 javelins (quivered)
 y - 4 throwing nets
 R - a silver javelin
Armour
 b - a +3 plate armour of fire resistance (worn)
 c - a +3 tower shield
 n - a +1 cloak (worn)
 v - a +0 hat of stealth (worn)
 F - a +1 pair of gloves (worn)
 L - the +2 cloak of the Thief {*Fog Slay-2 SInv Stlth+}
   (You bought it in a shop in the Dungeon)

   It may release a thick cloud of smoke when the wearer is hurt.
   Slay:      It affects your accuracy & damage with ranged weapons and melee
   (-2).
   SInv:      It lets you see invisible.
   Stlth:     It makes you more stealthy.
 N - the +1 pair of boots of the Past (worn) {Will+ Dex+2}
   (You bought it in a shop in the Dungeon)

   Dex:       It affects your dexterity (+2).
   Will:      It increases your willpower.
 O - the +6 kite shield of the Iron City of Dis (worn) {Str+6}
   (You bought it in a shop in the Dungeon)

   Str:       It affects your strength (+6).
Jewellery
 q - the ring of Honesty (right hand) {Fly rElec rF+ rC+}
   (You found it in the Dungeon)

   [ring of protection from fire]

   rF:        It protects you from fire.
   rC:        It protects you from cold.
   rElec:     It insulates you from electricity.
   Fly:       It grants you flight.
 C - a ring of poison resistance
 M - a +4 ring of evasion
 P - a +6 ring of strength
 W - the amulet "Loukad" (around neck) {Spirit rF+ Int+5}
   (You found it in the Dungeon)

   [amulet of guardian spirit]

   It causes incoming damage to be divided between your reserves of health and
   magic.
   Int:       It affects your intelligence (+5).
   rF:        It protects you from fire.
 X - the ring "Ruat" (left hand) {rN+ EV+3 Dex+4}
   (You found it in the Dungeon)

   [ring of evasion]

   EV:        It affects your evasion (+3).
   Dex:       It affects your dexterity (+4).
   rN:        It protects you from negative energy.
Wands
 m - a wand of iceblast (9)
 w - a wand of flame (26)
 J - a wand of mindburst (3)
Scrolls
 j - 2 scrolls of blinking
 l - 2 scrolls of amnesia
 s - 6 scrolls of enchant weapon
 t - 7 scrolls of enchant armour
 u - 2 scrolls of fear
 A - 6 scrolls of fog
 G - a scroll of brand weapon
 I - a scroll of immolation
 Q - 2 scrolls of identify
 S - a scroll of holy word
 U - a scroll of silence
Potions
 d - 7 potions of might
 e - 13 potions of curing
 f - 6 potions of heal wounds
 g - 7 potions of haste
 h - 11 potions of magic
 k - 2 potions of invisibility
 r - 3 potions of mutation
 z - a potion of cancellation
 B - a potion of resistance
 D - 2 potions of attraction
 E - a potion of flight
 H - 3 potions of brilliance
Miscellaneous
 o - the horn of Geryon
 x - a tin of tremorstones (2/2)
 V - a phantom mirror


   Skills:
 O Level 27 Fighting
 - Level 1.6(16.7) Short Blades
 O Level 27 Long Blades
 - Level 1.9(18.2) Axes
 O Level 27 Maces & Flails
 - Level 1.9(2.6) Polearms
 - Level 1.9(18.2) Staves
 - Level 1.6(19.5) Slings
 - Level 1.7 Bows
 - Level 1.6 Crossbows
 O Level 27 Throwing
 O Level 27 Armour
 O Level 27 Dodging
 O Level 27 Stealth
 O Level 27 Shields
 - Level 1.6 Unarmed Combat
 + Level 26.8 Spellcasting
 - Level 1.0 Conjurations
 - Level 1.1 Hexes
 - Level 1.0 Summonings
 - Level 1.1 Necromancy
 - Level 1.0 Translocations
 - Level 1.2 Transmutations
 - Level 1.0 Fire Magic
 - Level 1.0 Ice Magic
 - Level 1.0 Air Magic
 - Level 1.2 Earth Magic
 - Level 1.2 Poison Magic
 - Level 1.8 Invocations
 O Level 27 Evocations


You had 73 spell levels left.
You didn't know any spells.
Your spell library was empty.

Dungeon Overview and Level Annotations

Branches:
Dungeon (1/1)

Altars:
Cheibriados
Dithmenos
Elyvilon
Fedhas
Gozag
Hepliaklqana
Kikubaaqudgha
Makhleb
Nemelex Xobeh
Okawaru
Qazlal
Ru
Sif Muna
Trog
Uskayaw
Vehumet
Wu Jian
Xom
Yredelemnul
Zin
The Shining One
Beogh
Jiyva
Lugonu

Shops:
D [*[[!?****:[*


Innate Abilities, Weirdness & Mutations

You have a pair of horns on your head.
You reflexively headbutt those who attack you in melee.
You tend to lose your temper in combat.
You are strong-willed. (Will+)


Message History

The cherub is moderately wounded.
You miss the cherub.
The cherub is moderately wounded.
You block the cherub's attack. x2
You slash the cherub! Your headbutt misses the cherub.
The cherub is severely wounded.
The cherub completely misses you. You block the cherub's attack.
You slash the cherub! Your headbutt misses the cherub.
The cherub is almost dead.
The cherub blocks your attack.
The cherub is almost dead.
You block the cherub's attack. The cherub completely misses you.
You miss the cherub. Your headbutt misses the cherub.
The cherub is almost dead.
You miss the cherub. You headbutt the cherub.
The cherub is almost dead.
You block the cherub's attack. x2
You hit the cherub but do no damage. You headbutt the cherub.
The cherub is almost dead.
You block the cherub's attack. The cherub barely misses you.
You closely miss the cherub.
The cherub is almost dead.
You slash the cherub!
You kill the cherub!
You now have 34576 gold pieces (gained 63).
Items here: ( )) [[.
There is a hazy altar of Hepliaklqana here.
There is an opulent altar of Gozag here.
There is a blossoming altar of Fedhas here.
There is a white marble altar of Elyvilon here.
There is a shadowy altar of Dithmenos here.
There is a snail-covered altar of Cheibriados here.
There is a roughly hewn altar of Beogh here.
There is an open door to the Temple here.
You see here a +0 whip.
There is an open door here.
There is an open door to the Dungeon here.
You see here a +0 dagger.
There is a staircase leading out of the dungeon here.
You have escaped!

▓▓▓▓▓▓▓▓▓▓▓▓▓▓▓▓▓▓
...▓...▓...▓...▓@▓
.▓.▓.▓.▓.▓.▓.▓.▓.▓
.▓.▓.▓.▓.▓.▓.▓.▓.▓
.▓.▓.▓)▓.▓.▓.▓.▓.▓
.▓.▓.▓.▓.▓.▓.▓.▓)▓
.▓.▓.▓.▓.▓.▓.▓.▓.▓
.▓.▓.▓.▓.▓.▓.▓.▓.▓
.▓.▓.▓.▓.▓.▓'▓.▓.▓
.▓.▓.▓.▓.▓.▓.▓.▓.▓


There were no monsters in sight!

Vanquished Creatures
  Cerebov (D)
  Antaeus (D)
  Asmodeus (D)
  the Royal Jelly (D)
  Gloorx Vloq (D)
  Ereshkigal (D)
  Lom Lobon (D)
  Mnoleg (D)
  Dispater (D)
  5 ancient liches (D)
  Mara (D)
  3 orbs of fire (D)
  Sojobo (D)
  3 pandemonium lords (D)
  6 royal mummies (D)
  Boris (twice) (D)
  Geryon (D)
  A caustic shrike (D)
  Jory (D)
  5 golden dragons (D)
  A bone dragon (D)
  4 electric golems (D)
  A Tzitzimitl (D)
  Rupert (D)
  2 Brimstone Fiends (D)
  4 tentacled monstrosities (D)
  3 Hell Sentinels (D)
  3 Ice Fiends (D)
  35 Orb Guardians (D)
  4 liches (D)
  A titan (D)
  2 deep elf master archers (D)
  4 deep elf blademasters (D)
  3 quicksilver dragons (D)
  Gastronok (D)
  11 acid blobs (D)
  13 sphinxes (D)
  5 Executioners (D)
  7 shadow dragons (D)
  A death cob (D)
  2 storm dragons (D)
  Ilsuiw (D)
  2 tengu reavers (D)
  4 rockslimes (D)
  4 azure jellies (D)
  A draconian monk (D)
  A draconian knight (D)
  2 fire giants (D)
  A daeva (D)
  6 nagarajas (D)
  3 vault wardens (D)
  A deep elf sorcerer (D)
  4 frost giants (D)
  3 ghost moths (D)
  A balrug (D)
  2 draconian scorchers (D)
  9 emperor scorpions (D)
  A draconian stormcaller (D)
  An angel (D)
  A draconian shifter (D)
  4 ironbound preservers (D)
  A draconian annihilator (D)
  2 quicksilver oozes (D)
  2 reapers (D)
  An ironbound thunderhulk (D)
  3 green draconians (D)
  5 stone giants (D)
  10 vampire knights (D)
  2 black draconians (D)
  Nessos (D)
  An eleionoma (D)
  3 deep elf annihilators (D)
  A white draconian (D)
  4 deep elf demonologists (D)
  2 purple draconians (D)
  2 yellow draconians (D)
  6 red draconians (D)
  Snorg (D)
  6 mummy priests (D)
  A bunyip (D)
  2 deep elf death magi (D)
  4 merfolk javelineers (D)
  3 blizzard demons (D)
  4 ettins (D)
  Josephine (D)
  3 fire dragons (D)
  Harold (D)
  2 great orbs of eyes (D)
  3 merfolk impalers (D)
  3 ghost crabs (D)
  3 yaktaur captains (D)
  2 rakshasas (D)
  5 naga warriors (D)
  Erolcha (D)
  2 peacekeepers (D)
  4 centaur warriors (D)
  A merfolk avatar (D)
  25 vault guards (D)
  4 ice dragons (D)
  An ironbound frostheart (D)
  5 hydras (D)
  Erica (D)
  A deep troll earth mage (D)
  5 merfolk aquamancers (D)
  A tengu warrior (D)
  A death yak (shapeshifter) (D)
  10 orc high priests (D)
  2 deep troll shamans (D)
  2 hell knights (D)
  2 soul eaters (D)
  2 spriggan berserkers (D)
  5 sun demons (D)
  A salamander mystic (D)
  A wretched star (D)
  A sea snake (D)
  A sixfirhy (D)
  A skeletal warrior (D)
  2 glowing orange brains (D)
  8 swamp dragons (D)
  A cherub (D)
  3 lindwurms (D)
  2 ironbound convokers (D)
  3 wizards (D)
  2 orc knights (D)
  A mana viper (D)
  4 large abominations (D)
  A wolf spider (D)
  An ugly thing (D)
  3 orc sorcerers (D)
  3 manticores (D)
  4 black mambas (D)
  A cyclops (shapeshifter) (D)
  10 moths of wrath (D)
  A torpor snail (D)
  A merfolk siren (D)
  Joseph (D)
  4 guardian serpents (D)
  A toenail golem (D)
  3 rust devils (D)
  A water nymph (shapeshifter) (D)
  A smoke demon (D)
  2 orange demons (D)
  A rime drake (D)
  2 hellions (D)
  3 vault sentinels (D)
  3 cane toads (D)
  2 freezing wraiths (D)
  An efreet (D)
  2 komodo dragons (D)
  A tormentor (D)
  An ice devil (D)
  A hellwing (D)
  A demonic crawler (D)
  An ancient zyme (D)
  3 jumping spiders (D)
  A wandering mushroom (D)
  16 guardian mummies (D)
  2 tyrant leeches (D)
  4 merfolk (D)
  2 slime creatures (D)
  A snapping turtle (D)
  11 spriggans (D)
  5 wraiths (D)
  3 yaks (D)
  3 redbacks (D)
  2 shadows (D)
  2 tarantellas (D)
  A ynoxinul (D)
  3 golden eyes (D)
  2 chaos spawn (D)
  3 nagas (D)
  2 acid dragons (D)
  A water moccasin (D)
  3 floating eyes (D)
  8 orc warriors (D)
  2 swamp drakes (D)
  A necrophage (D)
  A centaur (D)
  5 bullfrogs (D)
  A wight (D)
  2 howler monkeys (D)
  7 orc priests (D)
  An iron imp (D)
  4 orc wizards (D)
  An adder (D)
  A shadow imp (D)
  3 white imps (D)
  An adder zombie (D)
  4 worms (D)
  A dart slug (D)
  8 orcs (D)
  3 endoplasms (D)
  A giant cockroach (D)
  A goblin (D)
  A bat simulacrum (D)
  A giant cockroach zombie (D)
579 creatures vanquished.

Vanquished Creatures (others)
  Frederick (D)
  A hydra (D)
  A swamp dragon (D)
  2 will-o-the-wisps (D)
  2 ball lightnings (D)
7 creatures vanquished.

Grand Total: 586 creatures vanquished

Notes
Turn   | Place    | Note
-------+----------+-------------------------------------------
     0 | D        | mhtbhm the Minotaur Fighter began the quest for the Orb.
     0 | D        | Reached XP level 1. HP: 19/19 MP: 0/0
    47 | D        | Noticed a necrophage
    51 | D        | Reached XP level 2. HP: 28/28 MP: 1/1
    57 | D        | Reached skill level 5 in Shields
    62 | D        | Killed a necrophage
    63 | D        | Reached skill level 5 in Armour
    63 | D        | Reached XP level 3. HP: 38/38 MP: 2/2
    63 | D        | Reached XP level 4. HP: 45/45 MP: 3/3
    69 | D        | Found a snail-covered altar of Cheibriados.
    69 | D        | Found a shadowy altar of Dithmenos.
    69 | D        | Found a white marble altar of Elyvilon.
    69 | D        | Found a blossoming altar of Fedhas.
    69 | D        | Found an opulent altar of Gozag.
    70 | D        | Found a hazy altar of Hepliaklqana.
    71 | D        | Found a viscous altar of Jiyva.
    72 | D        | Found an ancient bone altar of Kikubaaqudgha.
    73 | D        | Found a corrupted altar of Lugonu.
    74 | D        | Found a burning altar of Makhleb.
    75 | D        | Found a sparkling altar of Nemelex Xobeh.
    76 | D        | Found an iron altar of Okawaru.
    77 | D        | Found a stormy altar of Qazlal.
    78 | D        | Found a sacrificial altar of Ru.
    79 | D        | Found a shimmering blue altar of Sif Muna.
    80 | D        | Found a bloodstained altar of Trog.
    87 | D        | Became a worshipper of Gozag Ym Sagoz the Greedy
    92 | D        | Found a hide-covered altar of Uskayaw.
    93 | D        | Found a radiant altar of Vehumet.
    94 | D        | Found an ornate altar of the Wu Jian Council.
    95 | D        | Found a shimmering altar of Xom.
    96 | D        | Found a basalt altar of Yredelemnul.
    97 | D        | Found a glowing silver altar of Zin.
    98 | D        | Found a glowing golden altar of the Shining One.
   106 | D        | Found the +8 demon blade "Leech" {vamp, Harm Drain rN+}
   153 | D        | Noticed a shadow
   153 | D        | Noticed a centaur
   155 | D        | Reached XP level 5. HP: 51/51 MP: 4/4
   160 | D        | Killed a shadow
   161 | D        | Reached skill level 10 in Long Blades
   161 | D        | Reached XP level 6. HP: 62/62 MP: 5/5
   167 | D        | Reached skill level 1 in Dodging
   258 | D        | Noticed a slime creature
   258 | D        | Noticed a shadow
   258 | D        | Noticed a manticore
   258 | D        | Noticed a centaur warrior
   264 | D        | Killed a slime creature
   265 | D        | Reached skill level 10 in Fighting
   265 | D        | Reached XP level 7. HP: 54/72 MP: 6/6
   268 | D        | Killed a shadow
   275 | D        | Killed a manticore
   276 | D        | Reached XP level 8. HP: 38/82 MP: 7/7
   281 | D        | Killed a centaur warrior
   612 | D        | Noticed a cane toad
   612 | D        | Noticed a cane toad
   612 | D        | Noticed a black mamba
   612 | D        | Noticed a komodo dragon
   613 | D        | Killed a cane toad
   614 | D        | Reached skill level 10 in Shields
   614 | D        | Reached XP level 9. HP: 90/90 MP: 8/8
   614 | D        | Killed a cane toad
   617 | D        | Noticed a rime drake
   620 | D        | Reached skill level 10 in Armour
   621 | D        | Killed a black mamba
   623 | D        | Killed a komodo dragon
   634 | D        | Killed a rime drake
   638 | D        | Reached skill level 1 in Stealth
   659 | D        | Noticed a black mamba
   659 | D        | Noticed a komodo dragon
   659 | D        | Noticed a cane toad
   663 | D        | Reached skill level 1 in Evocations
   663 | D        | Noticed a torpor snail
   667 | D        | Killed a black mamba
   668 | D        | Reached XP level 10. HP: 101/101 MP: 9/9
   681 | D        | Killed a cane toad
   684 | D        | Killed a torpor snail
   787 | D        | Noticed a lindwurm
   787 | D        | Noticed a lindwurm
   805 | D        | Killed a lindwurm
   813 | D        | Killed a lindwurm
   814 | D        | Reached skill level 15 in Fighting
   922 | D        | Noticed Joseph
   924 | D        | Noticed Gastronok
   934 | D        | Killed Joseph
   945 | D        | Killed Gastronok
   946 | D        | Reached XP level 11. HP: 100/114 MP: 10/10
   972 | D        | Noticed Josephine
   983 | D        | Killed Josephine
  1014 | D        | Noticed Erolcha
  1028 | D        | Killed Erolcha
  1072 | D        | Noticed an orc knight
  1079 | D        | Killed an orc knight
  1207 | D        | Noticed an orc sorcerer
  1207 | D        | Noticed an orc high priest
  1210 | D        | Noticed an orc sorcerer
  1216 | D        | Killed an orc sorcerer
  1223 | D        | Noticed an orc sorcerer
  1224 | D        | Killed an orc high priest
  1228 | D        | Killed an orc sorcerer
  1239 | D        | Killed an orc sorcerer
  1289 | D        | Found Fynih's Assorted Antiques.
  1289 | D        | Noticed an orc high priest
  1289 | D        | Noticed an orc high priest
  1289 | D        | Noticed an orc high priest
  1289 | D        | Noticed an orc high priest
  1293 | D        | Noticed an orc high priest
  1294 | D        | Killed an orc high priest
  1296 | D        | Killed an orc high priest
  1297 | D        | Found Zetezoy's Book Shoppe.
  1299 | D        | Killed an orc high priest
  1302 | D        | Found Idiupn's Antique Armour Emporium.
  1307 | D        | Killed an orc high priest
  1308 | D        | Reached XP level 12. HP: 128/128 MP: 11/11
  1310 | D        | Killed an orc high priest
  1336 | D        | Noticed an orc high priest
  1338 | D        | Noticed an orc high priest
  1339 | D        | Noticed an orc high priest
  1346 | D        | Killed an orc high priest
  1347 | D        | Reached skill level 15 in Armour
  1349 | D        | Killed an orc high priest
  1351 | D        | Killed an orc high priest
  1354 | D        | Found Kudigew's General Store.
  1357 | D        | Noticed an orc high priest
  1362 | D        | Killed an orc high priest
  1510 | D        | Bought a potion of heal wounds for 105 gold pieces
  1510 | D        | Bought a jewelled copper wand for 84 gold pieces
  1510 | D        | Bought a tin of tremorstones (2/2) for 840 gold pieces
  1510 | D        | Bought a scroll labelled YVOENU JALUANIQI for 21 gold
                  | pieces
  1510 | D        | Bought a fizzy clear potion for 18 gold pieces
  1520 | D        | Bought a scroll of identify for 28 gold pieces
  1520 | D        | Bought a scroll of fog for 28 gold pieces
  1553 | D        | Noticed Erica
  1557 | D        | Killed Erica
  1648 | D        | Found the +7 Spriggan's Knife {stab, EV+4 Stlth+}
  1730 | D        | Noticed an eight-headed hydra
  1730 | D        | Noticed an eight-headed hydra
  1737 | D        | Killed an eight-headed hydra
  1738 | D        | Noticed an ettin
  1743 | D        | Killed a 12-headed hydra
  1748 | D        | Noticed a great orb of eyes
  1766 | D        | Killed an ettin
  1769 | D        | Killed a great orb of eyes
  1769 | D        | Noticed an ettin
  1771 | D        | Noticed an ettin
  1776 | D        | Reached skill level 5 in Stealth
  1776 | D        | Noticed a rakshasa
  1779 | D        | Killed an ettin
  1785 | D        | Killed an ettin
  1786 | D        | Noticed a fire giant
  1790 | D        | Killed a rakshasa
  1874 | D        | Killed a fire giant
  2028 | D        | Noticed Rupert
  2038 | D        | Killed Rupert
  2039 | D        | Reached XP level 13. HP: 143/143 MP: 12/12
  2120 | D        | Noticed a merfolk javelineer
  2127 | D        | Noticed a merfolk impaler
  2128 | D        | Killed a merfolk javelineer
  2134 | D        | Reached skill level 5 in Dodging
  2154 | D        | Killed a merfolk impaler
  2277 | D        | Noticed a bunyip
  2297 | D        | Noticed an eleionoma
  2298 | D        | Killed a bunyip
  2306 | D        | Killed an eleionoma
  2410 | D        | Killed a ghost moth
  2503 | D        | Bought a cyan potion for 17 gold pieces
  2503 | D        | Bought a scroll of enchant armour for 142 gold pieces
  2503 | D        | Bought a scroll labelled GOUL HUOXUJ for 19 gold pieces
  2503 | D        | Bought a potion of might for 76 gold pieces
  2505 | D        | Bought a potion of curing for 69 gold pieces
  2505 | D        | Bought 2 ruby potions for 41 gold pieces
  2505 | D        | Bought a scroll labelled WUGILO XAZED for 23 gold pieces
  2505 | D        | Bought a wooden wand for 92 gold pieces
  2505 | D        | Bought a potion of curing for 69 gold pieces
  2505 | D        | Bought a scroll of fog for 46 gold pieces
  2511 | D        | Noticed a nagaraja
  2532 | D        | Killed a nagaraja
  2533 | D        | Reached skill level 27 in Long Blades
  2611 | D        | Noticed Harold
  2619 | D        | Killed Harold
  2700 | D        | Noticed a stone giant
  2700 | D        | Noticed a lich
  2700 | D        | Noticed a stone giant
  2704 | D        | Killed a stone giant
  2710 | D        | Noticed a frost giant
  2713 | D        | Killed a lich
  2714 | D        | Reached skill level 15 in Shields
  2719 | D        | Noticed a frost giant
  2729 | D        | Noticed a stone giant
  2734 | D        | Killed a stone giant
  2735 | D        | Reached XP level 14. HP: 160/160 MP: 0/13
  2739 | D        | Noticed a vampire knight
  2742 | D        | Killed a frost giant
  2751 | D        | Killed a frost giant
  2753 | D        | Killed a stone giant
  2757 | D        | Paralysed by a floating eye for 4 turns
  2771 | D        | Killed a vampire knight
  2872 | D        | Noticed an ironbound thunderhulk
  2872 | D        | Noticed an ironbound preserver
  2876 | D        | Killed an ironbound thunderhulk
  2877 | D        | Noticed an ironbound preserver
  2885 | D        | Killed an ironbound preserver
  2911 | D        | Killed an ironbound preserver
  2915 | D        | Reached skill level 27 in Fighting
  2917 | D        | Noticed an ironbound preserver
  2930 | D        | Killed an ironbound preserver
  2932 | D        | Noticed a vault warden
  2939 | D        | Noticed an ironbound preserver
  2946 | D        | Killed a vault warden
  2951 | D        | Killed an ironbound preserver
  3058 | D        | Noticed Boris
  3537 | D        | Killed Boris
  3842 | D        | Noticed Nessos
  3852 | D        | Killed Nessos
  4046 | D        | Noticed Frederick
  4061 | D        | Killed Frederick
  4062 | D        | Reached skill level 10 in Stealth
  4099 | D        | Noticed Jory
  4113 | D        | Killed Jory
  4276 | D        | Noticed a nagaraja
  4276 | D        | Noticed a nagaraja
  4276 | D        | Noticed a nagaraja
  4277 | D        | Noticed a nagaraja
  4281 | D        | Killed a nagaraja
  4284 | D        | Noticed a nagaraja
  4286 | D        | Killed a nagaraja
  4287 | D        | Reached XP level 15. HP: 174/174 MP: 14/14
  4309 | D        | Killed a nagaraja
  4319 | D        | Killed a nagaraja
  4326 | D        | Killed a nagaraja
  4358 | D        | Got a serpentine rune of Zot
  4469 | D        | Noticed Ilsuiw
  4480 | D        | Killed Ilsuiw
  4547 | D        | Got a barnacled rune of Zot
  4693 | D        | Got a decaying rune of Zot
  4823 | D        | Killed a ghost moth
  4847 | D        | Reached skill level 27 in Armour
  4866 | D        | Reached skill level 10 in Dodging
  4886 | D        | Got a gossamer rune of Zot
  4977 | D        | Noticed Snorg
  4987 | D        | Killed Snorg
  5028 | D        | Reached skill level 27 in Shields
  5079 | D        | Reached XP level 16. HP: 183/183 MP: 15/15
  5131 | D        | Reached skill level 15 in Stealth
  5250 | D        | Bought a potion of mutation for 288 gold pieces
  5250 | D        | Bought a ruby potion for 32 gold pieces
  5250 | D        | Bought a scroll labelled TEOKLU HOCHONAOCE for 36 gold
                  | pieces
  5252 | D        | Bought a scroll of holy word for 97 gold pieces
  5252 | D        | Bought a scroll of enchant armour for 97 gold pieces
  5252 | D        | Bought a scroll of magic mapping for 45 gold pieces
  5252 | D        | Bought a scroll of enchant weapon for 97 gold pieces
  5253 | D        | Bought a scroll of identify for 26 gold pieces
  5253 | D        | Bought a scroll of identify for 26 gold pieces
  5259 | D        | Noticed a sphinx
  5259 | D        | Noticed a titan
  5279 | D        | Noticed a shadow dragon
  5282 | D        | Killed a sphinx
  5289 | D        | Killed a titan
  5309 | D        | Noticed a shadow dragon
  5318 | D        | Killed a shadow dragon
  5333 | D        | Killed a shadow dragon
  5343 | D        | Reached skill level 15 in Dodging
  5395 | D        | Noticed a shadow dragon
  5395 | D        | Noticed a golden dragon
  5395 | D        | Noticed a shadow dragon
  5395 | D        | Noticed an ancient lich
  5395 | D        | Noticed a shadow dragon
  5398 | D        | Noticed a shadow dragon
  5404 | D        | Killed a shadow dragon
  5407 | D        | Noticed a quicksilver dragon
  5418 | D        | Killed an ancient lich
  5427 | D        | Killed a golden dragon
  5435 | D        | Killed a shadow dragon
  5464 | D        | Upgraded the game from 0.28-a0-1234-g826d19b2e0 to
                  | 0.28-a0-1235-g7c8fac35f0
  5929 | D        | Killed a shadow dragon
  5935 | D        | Killed a shadow dragon
  5939 | D        | Killed a quicksilver dragon
  6095 | D        | Got a silver rune of Zot
  6194 | D        | Got the amulet "Loukad" {Spirit rF+ Int+5}
  6196 | D        | Got the ring "Ruat" {rN+ EV+3 Dex+4}
  6198 | D        | Got the ring "Xytzuin" {*Corrode Fly rC+ Int+3 Dex+2}
  6200 | D        | Got the ring "Zaramudo" {EV+3 Int+5}
  6228 | D        | Got the ring of Honesty {Fly rElec rF+ rC+}
  6352 | D        | Noticed a tengu reaver
  6353 | D        | Noticed Sojobo
  6354 | D        | Noticed a tengu reaver
  6359 | D        | Killed a tengu reaver
  6375 | D        | Paralysed by an air elemental for 1 turns
  6400 | D        | Killed Sojobo
  6404 | D        | Killed a tengu reaver
  6466 | D        | Noticed Mara
  6483 | D        | Killed Mara
  6515 | D        | Noticed a caustic shrike
  6539 | D        | Killed a caustic shrike
  6540 | D        | Reached XP level 17. HP: 166/191 MP: 9/16
  6613 | D        | Noticed a bone dragon
  6613 | D        | Noticed a golden dragon
  6633 | D        | Killed a bone dragon
  6664 | D        | Killed a golden dragon
  6745 | D        | Noticed an electric golem
  6746 | D        | Noticed a tentacled monstrosity
  6766 | D        | Killed an electric golem
  6776 | D        | Killed a tentacled monstrosity
  6781 | D        | Reached skill level 27 in Stealth
  6808 | D        | Noticed a quicksilver dragon
  6808 | D        | Noticed a tentacled monstrosity
  6809 | D        | Noticed a tentacled monstrosity
  6810 | D        | Killed a quicksilver dragon
  6827 | D        | Killed a tentacled monstrosity
  6830 | D        | Killed a tentacled monstrosity
  6950 | D        | Noticed a quicksilver dragon
  6950 | D        | Noticed a tentacled monstrosity
  6958 | D        | Killed a quicksilver dragon
  6988 | D        | Killed a tentacled monstrosity
  7153 | D        | Reached skill level 27 in Dodging
  7456 | D        | Noticed an Orb Guardian
  7456 | D        | Noticed an Orb Guardian
  7456 | D        | Noticed an Orb Guardian
  7456 | D        | Noticed an Orb Guardian
  7456 | D        | Noticed an Orb Guardian
  7456 | D        | Noticed an Orb Guardian
  7457 | D        | Noticed an Orb Guardian
  7458 | D        | Killed an Orb Guardian
  7459 | D        | Reached skill level 1 in Staves
  7459 | D        | Noticed an Orb Guardian
  7460 | D        | Killed an Orb Guardian
  7461 | D        | Reached skill level 1 in Short Blades
  7461 | D        | Reached skill level 1 in Axes
  7461 | D        | Reached skill level 1 in Maces & Flails
  7461 | D        | Reached skill level 1 in Polearms
  7461 | D        | Reached skill level 1 in Slings
  7461 | D        | Reached skill level 1 in Bows
  7461 | D        | Reached skill level 1 in Crossbows
  7461 | D        | Reached skill level 1 in Throwing
  7461 | D        | Reached skill level 1 in Unarmed Combat
  7461 | D        | Reached skill level 1 in Invocations
  7465 | D        | Killed an Orb Guardian
  7466 | D        | Reached skill level 1 in Necromancy
  7466 | D        | Reached skill level 1 in Transmutations
  7466 | D        | Reached skill level 1 in Earth Magic
  7466 | D        | Reached skill level 1 in Poison Magic
  7468 | D        | Killed an Orb Guardian
  7469 | D        | Reached skill level 1 in Conjurations
  7469 | D        | Reached skill level 1 in Hexes
  7469 | D        | Reached skill level 1 in Summonings
  7469 | D        | Reached skill level 1 in Translocations
  7469 | D        | Reached skill level 1 in Fire Magic
  7469 | D        | Reached skill level 1 in Ice Magic
  7469 | D        | Reached skill level 1 in Air Magic
  7474 | D        | Killed an Orb Guardian
  7475 | D        | Noticed an Orb Guardian
  7482 | D        | Killed an Orb Guardian
  7483 | D        | Reached skill level 5 in Evocations
  7487 | D        | Killed an Orb Guardian
  7488 | D        | Reached skill level 5 in Maces & Flails
  7488 | D        | Noticed an Orb Guardian
  7492 | D        | Killed an Orb Guardian
  7493 | D        | Reached skill level 5 in Throwing
  7497 | D        | Killed an Orb Guardian
  7502 | D        | Killed an Orb Guardian
  7534 | D        | Bought a pair of glowing boots for 292 gold pieces
  7534 | D        | Bought the +2 cloak of the Thief {*Fog Slay-2 SInv Stlth+}
                  | for 783 gold pieces
  7534 | D        | Found the +2 cloak of the Thief {*Fog Slay-2 SInv Stlth+}
  7539 | D        | Bought a potion of mutation for 128 gold pieces
  7539 | D        | Bought a potion of haste for 160 gold pieces
  7539 | D        | Bought 2 potions of curing for 96 gold pieces
  7539 | D        | Bought a potion of curing for 48 gold pieces
  7539 | D        | Bought 2 potions of might for 128 gold pieces
  7539 | D        | Bought 2 potions of attraction for 96 gold pieces
  7539 | D        | Bought a potion of invisibility for 128 gold pieces
  7542 | D        | Noticed a golden dragon
  7542 | D        | Noticed an Orb Guardian
  7542 | D        | Noticed an Orb Guardian
  7542 | D        | Noticed a golden dragon
  7542 | D        | Noticed an electric golem
  7543 | D        | Noticed an Orb Guardian
  7552 | D        | Killed a golden dragon
  7553 | D        | Reached XP level 18. HP: 200/200 MP: 16/18
  7553 | D        | Noticed an Orb Guardian
  7567 | D        | Killed an Orb Guardian
  7582 | D        | Killed an Orb Guardian
  7583 | D        | Reached skill level 10 in Maces & Flails
  7587 | D        | Killed a golden dragon
  7596 | D        | Killed an Orb Guardian
  7610 | D        | Killed an Orb Guardian
  7621 | D        | Killed an electric golem
  7622 | D        | Reached skill level 10 in Throwing
  7622 | D        | Reached skill level 10 in Evocations
  7646 | D        | Noticed an ancient lich
  7652 | D        | Killed an ancient lich
  7732 | D        | Noticed an orb of fire
  7733 | D        | Gained mutation: Armour fits poorly on your strangely
                  | shaped body. [an orb of fire]
  7742 | D        | Gained mutation: You are frail. (-10% HP) [an orb of fire]
  7747 | D        | Killed an orb of fire
  7751 | D        | Lost mutation: You are frail. (-10% HP) [potion of
                  | mutation]
  7751 | D        | Lost mutation: Armour fits poorly on your strangely shaped
                  | body. [potion of mutation]
  7751 | D        | Gained mutation: You are strong-willed. (Will+) [potion of
                  | mutation]
  7875 | D        | Noticed an electric golem
  7885 | D        | Killed an electric golem
  7965 | D        | Noticed an orb of fire
  7965 | D        | Noticed an Orb Guardian
  7965 | D        | Noticed a golden dragon
  7965 | D        | Noticed an Orb Guardian
  7965 | D        | Noticed an Orb Guardian
  7969 | D        | Noticed an orb of fire
  7991 | D        | Killed an orb of fire
  7996 | D        | Noticed an ancient lich
  7998 | D        | Killed an Orb Guardian
  8001 | D        | Gained mutation: You tend to lose your temper in combat.
                  | [an orb of fire]
  8008 | D        | Killed an orb of fire
  8009 | D        | Reached skill level 15 in Evocations
  8018 | D        | Killed a golden dragon
  8023 | D        | Killed an Orb Guardian
  8031 | D        | Noticed an electric golem
  8035 | D        | Noticed an ancient lich
  8035 | D        | Killed an ancient lich
  8044 | D        | Killed an Orb Guardian
  8050 | D        | Noticed an Orb Guardian
  8060 | D        | Killed an ancient lich
  8069 | D        | Killed an Orb Guardian
  8075 | D        | Killed an electric golem
  8119 | D        | Noticed an Orb Guardian
  8119 | D        | Noticed an Orb Guardian
  8119 | D        | Noticed an Orb Guardian
  8119 | D        | Noticed an Orb Guardian
  8119 | D        | Noticed an Orb Guardian
  8119 | D        | Noticed an Orb Guardian
  8121 | D        | Killed an Orb Guardian
  8122 | D        | Noticed an Orb Guardian
  8123 | D        | Killed an Orb Guardian
  8124 | D        | Noticed an Orb Guardian
  8125 | D        | Killed an Orb Guardian
  8126 | D        | Noticed an Orb Guardian
  8127 | D        | Killed an Orb Guardian
  8128 | D        | Noticed an Orb Guardian
  8136 | D        | Killed an Orb Guardian
  8142 | D        | Killed an Orb Guardian
  8143 | D        | Noticed an Orb Guardian
  8160 | D        | Killed an Orb Guardian
  8166 | D        | Noticed an Orb Guardian
  8170 | D        | Killed an Orb Guardian
  8178 | D        | Killed an Orb Guardian
  8186 | D        | Killed an Orb Guardian
  8195 | D        | Killed an Orb Guardian
  8200 | D        | Killed an Orb Guardian
  8341 | D        | Bought a pair of bloodstained boots for 399 gold pieces
  8341 | D        | Identified the +1 pair of boots of the Past {Will+ Dex+2}
                  | (You bought it in a shop in the Dungeon)
  8341 | D        | Bought an encrusted kite shield for 399 gold pieces
  8341 | D        | Identified the +6 kite shield of the Iron City of Dis
                  | {Str+6} (You bought it in a shop in the Dungeon)
  8347 | D        | Bought a shiny plate armour for 1092 gold pieces
  8376 | D        | Noticed a lich
  8384 | D        | Noticed an ancient lich
  8389 | D        | Killed a lich
  8399 | D        | Reached XP level 19. HP: 189/207 MP: 17/19
  8424 | D        | Killed an ancient lich
  8827 | D        | Bought a scroll of fog for 34 gold pieces
  8837 | D        | Reached skill level 27 in Evocations
  8866 | D        | Reached skill level 15 in Maces & Flails
  8944 | D        | Reached skill level 15 in Throwing
  8980 | D        | Got an elven rune of Zot
  9197 | D        | Noticed the Royal Jelly
  9216 | D        | Killed the Royal Jelly
  9222 | D        | Paralysed by a floating eye for 4 turns
  9236 | D        | Paralysed by a floating eye for 2 turns
  9270 | D        | Got a slimy rune of Zot
 10072 | D        | Noticed a royal mummy
 10072 | D        | Noticed a royal mummy
 10072 | D        | Noticed a royal mummy
 10072 | D        | Noticed a royal mummy
 10073 | D        | Noticed a royal mummy
 10496 | D        | Killed a royal mummy
 10497 | D        | Reached skill level 27 in Throwing
 10572 | D        | Killed a royal mummy
 10574 | D        | HP: 2/207 [royal mummy/divine providence (13)]
 11207 | D        | Killed a royal mummy
 11208 | D        | Reached XP level 20. HP: 212/216 MP: 20/20
 11232 | D        | Killed a royal mummy
 11250 | D        | Killed a royal mummy
 11251 | D        | Reached skill level 27 in Maces & Flails
 11251 | D        | Reached skill level 1 in Spellcasting
 11267 | D        | Noticed a royal mummy
 11275 | D        | Killed a royal mummy
 11400 | D        | Got a golden rune of Zot
 11411 | D        | Reached skill level 5 in Spellcasting
 11453 | D        | Got an abyssal rune of Zot
 11599 | D        | Noticed Geryon
 11608 | D        | Killed Geryon
 11612 | D        | Noticed Gloorx Vloq
 11612 | D        | Found the +4 staff of Dispater
 11612 | D        | Noticed Dispater
 11618 | D        | Noticed Lom Lobon
 11629 | D        | Killed Gloorx Vloq
 11630 | D        | Reached skill level 10 in Spellcasting
 12167 | D        | Killed Dispater
 12586 | D        | Noticed Antaeus
 12627 | D        | Killed Antaeus
 13114 | D        | Killed Lom Lobon
 13405 | D        | Found the +6 sword of Cerebov {flame}
 13405 | D        | Noticed Cerebov
 13440 | D        | Killed Cerebov
 13690 | D        | Noticed Ereshkigal
 13721 | D        | Killed Ereshkigal
 13726 | D        | Noticed Mnoleg
 13761 | D        | Killed Mnoleg
 13834 | D        | Got a dark rune of Zot
 13838 | D        | Got an iron rune of Zot
 13842 | D        | Got a magical rune of Zot
 13846 | D        | Got a fiery rune of Zot
 13850 | D        | Got a bone rune of Zot
 13852 | D        | Found the +7 sceptre of Asmodeus
 13852 | D        | Noticed Asmodeus
 13882 | D        | Killed Asmodeus
 13886 | D        | Got an obsidian rune of Zot
 13890 | D        | Got a glowing rune of Zot
 13894 | D        | Got an icy rune of Zot
 14301 | D        | Got the Orb of Zot
 15381 | D        | Noticed Gacausch the pandemonium lord
 15411 | D        | Killed Gacausch the pandemonium lord
 15484 | D        | Reached XP level 21. HP: 104/224 MP: 34/47
 15613 | D        | Noticed Voevuxar the pandemonium lord
 15626 | D        | Killed Voevuxar the pandemonium lord
 16081 | D        | Noticed Footy the pandemonium lord
 16128 | D        | Killed Footy the pandemonium lord
 16397 | D        | Noticed Boris
 16408 | D        | Killed Boris
 16711 | D        | Escaped with the Orb!

Illustrated notes

Levels and vault maps discovered:
D:        linesprint [early_d, line_temple, items_1, d_10, items_2, lair_1,
          lair_end, items_3, orc_1, orc_end, items_4, d_15, swamp_1, shoals_1,
          snake_1, spider_1, d_20, vaults_1, items_5, swamp_end, shoals_end,
          snake_end, spider_end, vaults_end, d_27, items_6, zot_1, zot_end,
          crypt_end, forest_end, elf_end, slime_end, tomb_end, abyss_end,
          pan_hell_end]

Skill      XL: |  1  2  3  4  5  6  7  8  9 10 11 12 13 14 15 16 17 18 19 20 21 |
---------------+----------------------------------------------------------------+-----
Fighting       | 4 6 8 10 11 12 13 15 18 21 24 27 | 27.0
Armour         | 4 5 6 7 8 9 11 13 14 17 20 24 27 | 27.0
Shields        | 4 6 7 8 9 10 11 12 13 15 19 27 | 27.0
Long Blades    | 7 10 12 14 17 19 21 23 25 27 | 27.0
Dodging        | 1 2 3 4 5 8 11 17 27 | 27.0
Stealth        | 1 3 4 5 8 10 13 24 27 | 27.0
Evocations     | 1 2 3 7 25 27 | 27.0
Staves         | 1 |  1.9
Short Blades   | 1 |  1.6
Axes           | 1 |  1.9
Maces & Flails | 9 14 25 27 | 27.0
Polearms       | 1 |  1.9
Slings         | 1 |  1.6
Bows           | 1 |  1.7
Crossbows      | 1 |  1.6
Throwing       | 7 12 27 | 27.0
Unarmed Combat | 1 |  1.6
Invocations    | 1 |  1.8
Necromancy     | 1 |  1.1
Transmutations | 1 |  1.2
Earth Magic    | 1 |  1.2
Poison Magic   | 1 |  1.2
Conjurations   | 1 |  1.0
Hexes          | 1 |  1.1
Summonings     | 1 |  1.0
Translocations | 1 |  1.0
Fire Magic     | 1 |  1.0
Ice Magic      | 1 |  1.0
Air Magic      | 1 |  1.0
Spellcasting   | 23 26 | 26.8

Action                   |  1- 3 |  4- 6 |  7- 9 | 10-12 | 13-15 | 16-18 | 19-21 || total
-------------------------+-------+-------+-------+-------+-------+-------+-------++-------
Melee: Long sword        |    24 |     1 |       |       |       |       |       ||    25
       Headbutt          |     2 |     3 |     6 |    60 |   145 |   245 |   294 ||   755
       Demon blade       |       |    14 |    40 |   220 |   650 |   902 |   832 ||  2658
Throw: Javelin           |       |       |       |       |       |       |    12 ||    12
Invok: Potion Petition   |       |       |       |     1 |     1 |     2 |    12 ||    16
       Call Merchant     |       |       |       |       |     2 |     6 |     1 ||     9
Evoke: Wand              |       |       |     1 |       |       |       |       ||     1
       Tin of tremorston |       |       |       |     3 |       |     2 |       ||     5
       Phantom mirror    |       |       |       |       |       |       |     1 ||     1
  Use: Potion            |       |       |     1 |     1 |     1 |     2 |    17 ||    22
       Scroll            |       |       |       |       |     3 |    14 |     5 ||    22
 Stab: Distracted        |       |       |     2 |     2 |    11 |    14 |    12 ||    41
       Sleeping          |       |       |       |       |       |     9 |     4 ||    13
       Invisible         |       |       |       |       |       |     2 |     3 ||     5
Armor: Scale mail        |     6 |       |       |       |       |       |       ||     6
       Chain mail        |       |     6 |    16 |    22 |       |       |       ||    44
       Plate armour      |       |       |       |    35 |   220 |   135 |   152 ||   542
Dodge: Dodged            |     9 |     5 |     8 |    30 |   124 |   140 |   179 ||   495
Block: Buckler           |     8 |     2 |     5 |    25 |    59 |       |       ||    99
       Tower shield      |       |       |       |       |   287 |   522 |       ||   809
       Kite shield       |       |       |       |       |       |    14 |   442 ||   456

Table legend: (Time is in decaauts) A = Elapsed time spent in this place. B = Non-inter-level travel time spent in this place. C = Inter-level travel time spent in this place. D = Time resting spent in this place. E = Time spent auto-exploring this place. F = Levels seen in this place. G = Mean time per level. A B C D E F G +--------+--------+--------+--------+--------+-----+--------+ Total | 15612 | 15202 | 410 | 6065 | 1254 | 1 | 15612.0 | Dungeon | 15612 | 15202 | 410 | 6065 | 1254 | 1 | 15612.0 | +--------+--------+--------+--------+--------+-----+--------+

Top non-repeatable levels by time:
       D: 15612 daAuts
